 Dungeon Crawl Stone Soup version 0.28.0 (webtiles) character file.

Game seed: 12945503303465554208

5 FreshCat the Conjurer (level 1, 14/14 HPs)
             Began as a Draconian Conjurer on Feb 16, 2022.
             Quit the game on level 1 of the Dungeon on Feb 17, 2022.
             The game lasted 00:10:04 (266 turns).

FreshCat the Conjurer (Draconian Conjurer)           Turns: 266, Time: 00:10:05

Health: 14/14      AC:  4    Str:  9    XL:     1   Next: 66%
Magic:  3/3        EV: 12    Int: 18    God:
Gold:   25         SH:  0    Dex:  9    Spells: 3/4 levels left

rFire   . . .      SeeInvis .   (no weapon)
rCold   . . .      Faith    .   (no shield)
rNeg    . . .      Spirit   .   (armour unavailable)
rPois   .          Reflect  .   (helmet restricted)
rElec   .          Harm     .   (no cloak)
rCorr   .          Rampage  .   (no gloves)
Will    .....                   (no boots)
Stlth   ++........              (no amulet)
HPRegen 0.04/turn               (no ring)
MPRegen 0.08/turn               (no ring)

@: no status effects
A: AC +4, unfitting armour, cold-blooded
a: no special abilities


You were on level 1 of the Dungeon.
You visited 1 branch of the dungeon, and saw 1 of its levels.

You collected 25 gold pieces.

Inventory:

Scrolls
 a - a scroll of fog {unknown}
 b - a scroll of teleportation {unknown}
Potions
 c - a potion of haste {unknown}


   Skills:
 + Level 1.7 Dodging
 + Level 1.7 Stealth
 + Level 0.4 Unarmed Combat
 + Level 2.0 Spellcasting
 + Level 4.2 Conjurations


You had 3 spell levels left.
You knew the following spells:

 Your Spells              Type           Power      Damage    Failure   Level
a - Magic Dart            Conj           68%        1d6       3%          1

Your spell library contained the following spells:

 Spells                   Type           Power      Damage    Failure   Level
 Searing Ray              Conj           34%        2d5       4%          2
 Dazzling Flash           Conj/Hex       18%        N/A       22%         3
 Fulminant Prism          Conj/Hex       4%         3d6       58%         4
 Iskenderun's Mystic Bla  Conj/Tloc      9%         2d4       58%         4


Dungeon Overview and Level Annotations

Branches:
Dungeon (1/15)

Altars:


Innate Abilities, Weirdness & Mutations

Your plain brown scales are hard. (AC +4)
You cannot fit into any form of body armour.
You are cold-blooded and may be slowed by cold attacks.


Message History

You hit the bat.
The bat is heavily wounded.
The bat closely misses you. The bat closely misses you.
You barely miss the bat.
The bat is heavily wounded.
The bat hits you but does no damage. The bat closely misses you.
You closely miss the bat.
The bat is heavily wounded.
The bat closely misses you. The bat hits you but does no damage.
You barely miss the bat.
Your tail-slap misses the bat.
The bat is heavily wounded.
The bat hits you but does no damage. The bat barely misses you.
You hit the bat but do no damage.
The bat is heavily wounded.
The bat closely misses you.
You closely miss the bat.
The bat is heavily wounded.
The bat misses you. The bat barely misses you. The bat barely misses you.
The bat completely misses you. The bat hits you but does no damage.
The bat closely misses you.
Casting: Magic Dart (safe; 3% risk of failure)
Confirm with . or Enter, or press ? or * to list all spells.
Aiming: Magic Dart (safe; 3% risk of failure)
Press: ? - help, Shift-Dir - straight line, f/p - bat
Aim: a bat (moderately wounded, 100% to hit)
The magic dart hits the bat.
You kill the bat!
a - a scroll labelled QIANOTHOQIA Welcome back, FreshCat the Draconian Conjurer.
Press ? for a list of commands and other information.
HP restored.
Magic restored.
You now have 25 gold pieces (gained 15).
b - a scroll labelled PYMAAFR XISTRI
c - a coppery potion You see here a +0 scimitar.
Are you sure you want to abandon this character and quit the game? (Confirm with "yes".)

............#.8.8.8.#...##
............#.......#....#####
............+.8.<.8.'...†....#
............#.......########.#
#.#..#......#.8.8.8.#
..#..##....##.......#
#####.....####+#####.#
#...................
...#....###..@.......
####....# ########..# ######


There were no monsters in sight!

Vanquished Creatures
  2 ball pythons (D:1)
  An endoplasm (D:1)
  2 bats (D:1)
5 creatures vanquished.

Notes
Turn   | Place    | Note
-------+----------+-------------------------------------------
     0 | D:1      | FreshCat the Draconian Conjurer began the quest for the
                  | Orb.
     0 | D:1      | Reached XP level 1. HP: 14/14 MP: 3/3
   266 | D:1      | Quit the game

Illustrated notes

Levels and vault maps discovered:
D:1:      doesnt_arrival_eight_statues, layout_rooms

Action                   || total
-------------------------++-------
Melee: Unarmed           ||    18
 Cast: Magic Dart        ||     9
Armor: Skin              ||    14
Dodge: Dodged            ||    33
